 Dungeon Crawl Stone Soup version 0.23.0 (webtiles) character file.

Game seed: 17540484645660780263

303 tv1990 the Chopper (level 6, -1/48 HPs)
             Began as a Formicid Monk on Feb 10, 2019.
             Was a Believer of Okawaru.
             Slain by a worker ant (6 damage)
             ... on level 6 of the Dungeon.
             The game lasted 00:08:16 (4132 turns).

tv1990 the Chopper (Formicid Monk)                  Turns: 4132, Time: 00:08:17

Health: -1/48      AC:  8    Str: 17    XL:     6   Next: 65%
Magic:  9/9        EV:  8    Int: 10    God:    Okawaru [**....]
Gold:   127        SH:  0    Dex: 13    Spells: 5/5 levels left

rFire    . . .     SeeInvis +   a - +0 hand axe
rCold    . . .     Gourm    .   (no shield)
rNeg     . . .     Faith    .   h - +0 chain mail
rPois    .         Spirit   .   (helmet unavailable)
rElec    .         Reflect  .   (no cloak)
rCorr    .         Harm     .   (no gloves)
MR       .....                  (no boots)
Stlth    ..........             f - amulet of the acrobat
HPRegen  0.16/turn              (no ring)
MPRegen  0.11/turn              (no ring)

@: no status effects
A: permanent stasis, dig shafts and tunnels, four strong arms, antennae 3
a: Dig, Shaft Self, Heroism, Renounce Religion


You were on level 6 of the Dungeon.
You worshipped Okawaru.
Okawaru was pleased with you.
You were not hungry.

You visited 2 branches of the dungeon, and saw 6 of its levels.

You collected 127 gold pieces.

Inventory:

Hand Weapons
 a - a +0 hand axe (weapon)
Armour
 b - a +0 robe
 g - a +0 leather armour
 h - a +0 chain mail (worn)
Jewellery
 e - a -3 ring of protection
 f - an amulet of the acrobat (around neck)
 j - an uncursed ring of see invisible
Wands
 m - a wand of digging (7)
Scrolls
 d - 2 scrolls of teleportation
 i - a scroll of amnesia
 l - a scroll of remove curse
Comestibles
 c - 8 rations
 k - a chunk of flesh


   Skills:
 - Level 4.1 Fighting
 - Level 4.6 Axes
 - Level 2.3 Armour
 - Level 2.6 Dodging
 - Level 2.4 Stealth
 + Level 4.0 Evocations


You had 5 spell levels left.
You didn't know any spells.
Your spell library was empty.

Dungeon Overview and Level Annotations

Branches:
Dungeon (6/15)             Temple (1/1) D:6

Altars:
Ashenzari
Elyvilon
Gozag
Nemelex Xobeh
Okawaru
Qazlal
Sif Muna
Trog
Uskayaw
Wu Jian
Zin
The Shining One


Innate Abilities, Weirdness & Mutations

You cannot be hasted, slowed, berserked, paralysed or teleported.
You can dig through walls and to a lower floor.
Your four strong arms can wield two-handed weapons with a shield.
You have a pair of large antennae on your head. (SInv)


Message History

You start resting.
Eating one of 2 chunks of flesh.
You eat one of the 2 chunks of flesh.
You feel sick. x3
You are no longer poisoned.
You start resting.
You sense a monster nearby.
You start resting.
An ogre comes into view. It is wielding a +0 giant spiked club.
The ogre shouts!
There is a stone staircase leading down here.
You climb downwards.
The worker ant bites you.
* * * LOW HITPOINT WARNING * * *
The worker ant bites you but does no damage.
There is a stone staircase leading up here.
You aren't carrying any potions.
You hit the worker ant but do no damage.
The worker ant barely misses you.
You closely miss the worker ant. The worker ant bites you.
* * * LOW HITPOINT WARNING * * *
You slash the worker ant! The worker ant bites you.
You die...

.....###§#§#≈............
.##.###..'_'.............
.##.###.§#+#≈#......##. ##
..#.##..≈≈.≈§#####..###..#
........#..### #......#
#.......##.# ###....##
#.......#...# ##...8..##
...#.........# #.a.........
...#...#.....# #@..........
.............##............
..##.........#....#.8....#.
.. .....................##
......#......#
.......###...#.. ####..#
...... #.# ....


You could see a worker ant.

Vanquished Creatures
  A howler monkey (D:5)
  2 hounds
  A bullfrog zombie (D:5)
  2 bullfrog skeletons (D:5)
  A gnoll (D:1)
  4 adders
  3 oozes
  A worm (D:2)
  A dart slug (D:1)
  A leopard gecko (D:2)
  2 orcs (D:3)
  8 bats
  2 giant cockroaches (D:3)
  5 goblins
  6 hobgoblins (D:1)
  6 jackals
  2 quokkas
  A ball python (D:3)
  A frilled lizard (D:1)
  2 kobolds
  6 rats
58 creatures vanquished.

Notes
Turn   | Place    | Note
-------+----------+-------------------------------------------
     0 | D:1      | tv1990 the Formicid Monk began the quest for the Orb.
     0 | D:1      | Reached XP level 1. HP: 18/18 MP: 1/1
   155 | D:1      | Reached XP level 2. HP: 20/24 MP: 2/2
   175 | D:1      | You fall through a shaft!
   537 | D:1      | Reached skill level 1 in Armour
   672 | D:1      | Reached XP level 3. HP: 6/29 MP: 3/3
  1622 | D:2      | Found an opulent altar of Gozag.
  1659 | D:2      | Reached XP level 4. HP: 13/37 MP: 4/4
  2517 | D:2      | Found a deep blue altar of Sif Muna.
  3058 | D:3      | Reached XP level 5. HP: 26/42 MP: 5/5
  3565 | D:3      | You fall through a shaft for 3 floors!
  3567 | D:6      | Found a staircase to the Ecumenical Temple.
  3589 | Temple   | Entered the Ecumenical Temple
  3590 | Temple   | thanks shaft
  3630 | Temple   | Became a worshipper of Warmaster Okawaru
  3630 | Temple   | Reached * piety under Okawaru
  3630 | Temple   | Reached ** piety under Okawaru
  3816 | D:6      | Found an opulent altar of Gozag.
  3840 | D:6      | Found a glowing golden altar of the Shining One.
  3860 | D:5      | Entered Level 5 of the Dungeon
  3870 | D:5      | Reached skill level 1 in Evocations
  3933 | D:5      | Reached XP level 6. HP: 26/48 MP: 7/7
  4122 | D:5      | Noticed an ogre
  4132 | D:6      | Slain by a worker ant

Skill      XL: |  1  2  3  4  5  6 |
---------------+-------------------+-----
Armour         | 1 2 |  2.3
Axes           | 4 |  4.6
Fighting       | 4 |  4.1
Evocations     | 2 4 |  4.0
Dodging        | |  2.6
Stealth        | |  2.4

Action                   |  1- 3 |  4- 6 || total
-------------------------+-------+-------++-------
Melee: Hand axe          |   126 |   144 ||   270
Invok: Heroism           |       |     1 ||     1
 Abil: Dig               |     1 |       ||     1
       Shaft Self        |     1 |       ||     1
  Use: Scroll            |       |     4 ||     4
 Stab: Sleeping          |     1 |       ||     1
  Eat: Chunk             |     3 |     8 ||    11
Armor: Robe              |    24 |       ||    24
       Leather armour    |     3 |       ||     3
       Chain mail        |       |    90 ||    90
Dodge: Dodged            |   111 |    55 ||   166

Levels and vault maps discovered:
D:1:      saegor_arrival_miasma, layout_basic
D:2:      layout_rooms, lemuel_coloured_pillars_altar,
          nicolae_gozag_cash_rules_everything_around_me
D:3:      layout_loops_ring, first_ration, columned_hall_lemuel
D:5:      layout_basic, uniq_crazy_yiuf_cottage
D:6:      layout_cave_pools, nicolae_dithmenos_through_a_glass_darkly,
          lemuel_crystal_altar, kennysheep_mini_moat,
          minmay_temple_entry_statues_pillars, serial_column_ruins,
          column_ruins_hut_pillars, column_ruins_square_medium,
          column_ruins_columns_straight, column_ruins_open_small,
          column_ruins_open_small, column_ruins_grid_1,
          column_ruins_columns_water, chequers_serial_rivers_room_a, st_stairs_6
Temple:   jpeg_temple_island
